 Dungeon Crawl Stone Soup version 0.27-a0-1228-gfd60fd639a (webtiles) character file.

Game seed: 16165451133496994382

56 freelancePsychic the Magician (level 4, -2/33 HPs)
             Began as a Djinni Necromancer on June 7, 2021.
             Was a Follower of Cheibriados.
             Slain by a gnoll
             ... wielding a +0 flail
              (11 damage)
             ... on level 2 of the Dungeon.
             The game lasted 00:03:40 (2907 turns).

freelancePsychic the Magician (Djinni Necromancer)  Turns: 2907, Time: 00:03:41

Health: -2/33      AC:  3    Str:  9    XL:     4   Next: 17%
Gold:   61         EV: 12    Int: 20    God:    Cheibriados [*.....] SH:  0 Dex: 15

rFire    + + .     SeeInvis .   h - +0 mace
rCold    x . .     Faith    .   (no shield)
rNeg     . . .     Spirit   .   a - +0 robe
rPois    ∞         Reflect  .   (no helmet)
rElec    .         Harm     .   b - +0 cloak
rCorr    .         Rampage  .   (no gloves)
Will     .....                  (boots unavailable)
Stlth    ++........             (no amulet)
HPRegen  0.11/turn              (no ring)
MPRegen  0.00/turn              (no ring)

@: flying, very slow
A: sickness immunity, fire resistance 2, cold vulnerability 1, float, innate
caster, hp casting, extra vitality 1
a: Renounce Religion, Bend Time


You were on level 2 of the Dungeon.
You worshipped Cheibriados.
Cheibriados was aware of your devotion.
You visited 1 branch of the dungeon, and saw 2 of its levels.

You collected 61 gold pieces.

Inventory:

Hand Weapons
 h - a +0 mace (weapon)
Missiles
 c - 10 poisoned darts
Armour
 a - a +0 robe (worn)
 b - a +0 cloak (worn)
 f - a +0 ring mail
Scrolls
 d - a scroll of teleportation {unknown}
 e - a scroll of identify {@r1}
Potions
 g - a potion of resistance {unknown}


   Skills:
 + Level 1.7 Fighting
 - Level 2.1 Dodging
 - Level 1.5 Stealth
 * Level 4.0 Spellcasting


You couldn't memorise any spells.
You knew the following spells:

 Your Spells              Type           Power      Damage    Failure   Level
a - Pain                  Necr           80%        1d8       2%          1
b - Summon Small Mammal   Summ           80%        N/A       2%          1
c - Vampiric Draining     Necr           10%        2d7       8%          3
d - Animate Dead          Necr           10%        N/A       24%         4
e - Agony                 Necr           20%        N/A       56%         5
f - Animate Skeleton      Necr           40%        N/A       2%          1
Your spell library was empty.

Dungeon Overview and Level Annotations

Branches:
Dungeon (2/15)

Altars:
Cheibriados


Innate Abilities, Weirdness & Mutations

You are immune to sickness and miasma.
You are immune to poison.
Your flesh is very heat resistant. (rF++)
You are vulnerable to cold. (rC-)
You float through the air rather than walking.
You learn spells naturally, not from books.
Your magical power is your life essence.
You have superior vitality. (+4 HP)


Message History

The adder bites you. The adder bites you but does no damage.
The adder bites you. The adder bites you. The adder bites you.
Casting: Pain (safe; 2% risk of failure)
Confirm with . or Enter, or press ? or * to list all spells.
The adder completely misses you.
Your quokka bites the adder.
The adder bites you.
Casting: Summon Small Mammal (safe; 2% risk of failure)
Confirm with . or Enter, or press ? or * to list all spells.
The spell is quite dangerous to cast (8% risk of failure)!
Continue anyway?
Aiming: Vampiric Draining (quite dangerous; 8% risk of failure)
Press: ? - help, Shift-Dir - straight line, f - adder
Aim: an adder (lightly wounded, ally target)
You draw life force from the adder!
You feel life coursing into your body.
Your quokka completely misses the adder.
The adder bites you but does no damage.
Casting: Vampiric Draining (quite dangerous; 8% risk of failure)
Confirm with . or Enter, or press ? or * to list all spells.
The spell is quite dangerous to cast (8% risk of failure)!
Continue anyway?
Aiming: Vampiric Draining (quite dangerous; 8% risk of failure)
Press: ? - help, Shift-Dir - straight line, f/p - adder
Aim: an adder (severely wounded, ally target)
You draw life force from the adder!
You kill the adder!
Cheibriados thoroughly appreciates the change of pace.
You feel life coursing into your body.
Your Spellcasting skill increases to level 4!
Okay, then.
You swap places.
The gnoll closely misses your quokka. Something closely misses your quokka.
Something completely misses your quokka.
The gnoll hits you with a +0 flail!
* * * LOW HITPOINT WARNING * * *
Your quokka barely misses the gnoll.
Your quokka barely misses the gnoll.
The gnoll barely misses your quokka.
A rat comes into view.
The gnoll closely misses you. The gnoll hits you with a +0 flail!
You die...

############
#....<......
#^..........
###...........
..............
#######.######
#################.####
#...........##.......#
#......@g...##.......#
#......gr...##.......#
..r.....g...##.......#
............##.......#
.....................#
............##.......###
.......................g
..############.....|.##.
#.......#


You could see 3 gnolls, a rat and a friendly quokka (summoned).

Vanquished Creatures
  2 adders (D:2)
  A worm (D:2)
  3 dart slugs
  4 ball pythons (D:1)
  2 endoplasms (D:1)
  2 giant cockroaches (D:1)
  4 goblins
  A hobgoblin (D:1)
  2 jackals (D:1)
  2 bats (D:1)
  3 kobolds (D:1)
  A rat (D:1)
27 creatures vanquished.

Vanquished Creatures (collateral kills)
  An ufetubus (D:2)
1 creature vanquished.

Grand Total: 28 creatures vanquished

Notes
Turn   | Place    | Note
-------+----------+-------------------------------------------
     0 | D:1      | freelancePsychic the Djinni Necromancer began the quest for
                  | the Orb.
     0 | D:1      | Reached XP level 1. HP: 15/15 MP: 0/0
   577 | D:1      | Reached XP level 2. HP: 14/22 MP: 0/0
  1127 | D:1      | Reached skill level 1 in Fighting
  1384 | D:1      | Reached XP level 3. HP: 23/27 MP: 0/0
  1384 | D:1      | Learned a level 1 spell: Summon Small Mammal
  1598 | D:1      | Found a faded altar of an unknown god.
  1607 | D:1      | Became a worshipper of Cheibriados the Contemplative
  1607 | D:1      | Reached * piety under Cheibriados
  2889 | D:2      | Reached XP level 4. HP: 30/32 MP: 0/0
  2901 | D:2      | Reached skill level 4 in Spellcasting
  2907 | D:2      | Slain by a gnoll

Illustrated notes

Levels and vault maps discovered:
D:1:      dpeg_arrival_shrine, layout_basic,
          shapermc_ecumenical_altar_flowoftime, minmay_tree_intersection,
          minmay_misc_feat_four_crosses
D:2:      layout_basic

Skill      XL: |  1  2  3  4 |
---------------+-------------+-----
Fighting       | 1 |  1.7
Spellcasting   | 4 |  4.0
Dodging        | |  2.1
Stealth        | |  1.5

Action                   |  1- 3 |  4- 6 || total
-------------------------+-------+-------++-------
Melee: Mace              |     1 |       ||     1
 Cast: Pain              |    50 |       ||    50
       Summon Small Mamm |     6 |     1 ||     7
       Vampiric Draining |     2 |     2 ||     4
  Use: Scroll            |     3 |       ||     3
Armor: Robe              |     1 |     2 ||     3
Dodge: Dodged            |     4 |     2 ||     6

Table legend: (Time is in decaauts)
 A = Elapsed time spent in this place.
 B = Non-inter-level travel time spent in this place.
 C = Inter-level travel time spent in this place.
 D = Time resting spent in this place.
 E = Time spent auto-exploring this place.
 F = Levels seen in this place.
 G = Mean time per level.
                   A        B        C        D        E       F      G
               +--------+--------+--------+--------+--------+-----+--------+
         Total |   3148 |   2944 |    204 |    179 |   2545 |   2 | 1574.0 |
       Dungeon |   3148 |   2944 |    204 |    179 |   2545 |   2 | 1574.0 |
               +--------+--------+--------+--------+--------+-----+--------+

Top non-repeatable levels by time:
     D:1: 2570 daAuts
     D:2: 577 daAuts
